 Dungeon Crawl Stone Soup version 0.28-a0-1616-g050a50673c (console) character file.

Game seed: 5797585916199082657

1262 Melian the Fighter (level 8, -3/78 HPs)
             Began as a Minotaur Berserker on Jan 22, 2022.
             Was an Elder of Trog.
             Killed from afar by an electric eel (6 damage)
             ... with a bolt of electricity
             ... on level 6 of the Dungeon.
             The game lasted 00:16:58 (4892 turns).

Melian the Fighter (Minotaur Berserker)             Turns: 4892, Time: 00:16:58

Health: -3/78      AC: 13    Str: 31    XL:     8   Next: 27%
Magic:  16/16      EV:  9    Int:  4    God:    Trog [****..]
Gold:   289        SH:  0    Dex: 11    Spells: 7/7 levels left

rFire   . . .      SeeInvis .   a - +0 hand axe
rCold   + + .      Faith    +   (no shield)
rNeg    . . .      Spirit   .   g - +0 chain mail
rPois   .          Reflect  .   (helmet restricted)
rElec   .          Harm     .   x - +0 cloak
rCorr   .          Rampage  .   u - +2 pair of gloves "Hon Qoss" {rF+ rC+}
Will    .....                   (no boots)
Stlth   ..........              b - amulet of faith
HPRegen 0.23/turn               k - ring of Abbups {rF- MP+9 Str+8}
MPRegen 0.15/turn               w - ring of protection from cold

@: no status effects
A: horns 2, retaliatory headbutt
a: Renounce Religion, Berserk, Trog's Hand, Brothers in Arms


You were on level 6 of the Dungeon.
You worshipped Trog.
Trog was greatly pleased with you.
You visited 1 branch of the dungeon, and saw 6 of its levels.

You collected 289 gold pieces.

Inventory:

Hand Weapons
 a - a +0 hand axe (weapon)
Armour
 g - a +0 chain mail (worn)
 u - the +2 pair of gloves "Hon Qoss" (worn) {rF+ rC+}
   (You found it on level 4 of the Dungeon)

   rF:        It protects you from fire.
   rC:        It protects you from cold.
 x - a +0 cloak (worn)
Jewellery
 b - an amulet of faith (around neck)
 k - the ring of Abbups (left hand) {rF- MP+9 Str+8}
   (You found it on level 2 of the Dungeon)

   [ring of magical power]

   Str:       It affects your strength (+8).
   rF:        It makes you vulnerable to fire.
   MP:        It affects your magic capacity (+9).
 w - a ring of protection from cold (right hand)
Wands
 q - a wand of iceblast (11)
 s - a wand of digging (5)
Scrolls
 i - a scroll of enchant armour {unknown}
 j - a scroll of silence {unknown}
 o - 3 scrolls of teleportation
 p - a scroll of summoning {unknown}
 v - a scroll of amnesia {unknown}
Potions
 c - 2 potions of flight
 d - 2 potions of lignification
 e - 2 potions of haste
 f - a potion of resistance {unknown}
 h - a potion of cancellation
 l - a potion of degeneration
 m - a potion of brilliance {unknown}
 r - a potion of heal wounds {unknown}
 t - a potion of berserk rage {unknown}


   Skills:
 + Level 9.2 Fighting
 + Level 9.1 Axes
 - Level 2.6 Armour
 - Level 2.4 Dodging


You had 7 spell levels left.
You didn't know any spells.
Your spell library was empty.

Dungeon Overview and Level Annotations

Branches:
Dungeon (6/15)             Temple (0/1) D:5

Altars:
Ashenzari
Vehumet
Zin
Beogh


Innate Abilities, Weirdness & Mutations

You have a pair of horns on your head.
You reflexively headbutt those who attack you in melee.


Message History

Found a jewelled silver wand.
The electric eel shoots out a bolt of lightning at you!
The bolt of electricity hits you!
Found a scroll of identify.
The electric eel shoots out a bolt of lightning at you!
The bolt of electricity hits you! x2
* * * LOW HITPOINT WARNING * * *
The bolt of electricity hits the electric eel.
The electric eel completely resists.
You closely miss the electric eel.
A centaur skeleton comes into view.
You closely miss the electric eel.
The electric eel shoots out a bolt of lightning at you!
The bolt of electricity hits you!
* * * LOW HITPOINT WARNING * * *
The bolt of electricity hits you!
* * * LOW HITPOINT WARNING * * *
The bolt of electricity hits the electric eel.
The electric eel completely resists.
You feel better.
The iguana bites something.
The electric eel shoots out a bolt of lightning at you!
The bolt of electricity hits you!
* * * LOW HITPOINT WARNING * * *
Something bites the plant!
You feel better.
The electric eel shoots out a bolt of lightning at you!
The bolt of electricity hits you!
* * * LOW HITPOINT WARNING * * *
Okay, then.
Okay, then.
The centaur skeleton hits you but does no damage.
The centaur skeleton kicks you but does no damage.
The electric eel shoots out a bolt of lightning at you!
The bolt of electricity hits you.
* * * LOW HITPOINT WARNING * * *
A nearby plant withers and dies.
The electric eel shoots out a bolt of lightning at you!
The bolt of electricity hits the centaur skeleton!
The bolt of electricity hits you.
You die...

.#?.... P./P..P
≈P≈≈≈≈≈ # ≈≈P≈≈.≈ .#
.≈≈≈≈.≈ .# ≈≈≈≈≈≈.S♣.#
#.##.#.# ≈≈.≈≈lS♣..#
#.##.#.#+##
≈.≈≈≈.♣...###.........
P...♣...#...#........$
#...Z###.#.......
+....@.....#....#+#
#....##....#.##.#.####
#######....'....#.##..
#....#.##...##..
#....#.##...##..
##.#.#.##...##..
#.#.#.#........
#.#.#.....>....
#...........[..
...♣♣♣...♣♣♣... #♣.♣#
#♣..


You could see an iguana, an electric eel and a centaur skeleton.

Vanquished Creatures
  Prince Ribbit (D:6)
  Edmund (D:5)
  A centaur (D:5)
  A phantom (D:4)
  2 bullfrogs (D:6)
  2 water moccasin skeletons
  A centaur zombie (D:5)
  5 orc priests
  A bullfrog zombie (D:5)
  Crazy Yiuf (D:5)
  4 orc wizards
  2 iguanas
  2 hound zombies (D:5)
  5 adders
  An adder skeleton (D:5)
  A worm (D:4)
  4 dart slugs
  14 orcs
  10 ball pythons
  5 bats
  4 endoplasms
  3 giant cockroaches
  6 goblins
  3 hobgoblins
  8 jackals (D:1)
  11 kobolds
  3 quokkas
  4 frilled lizards
  10 rats
116 creatures vanquished.

Vanquished Creatures (others)
  A plant (D:6)
1 creature vanquished.

Grand Total: 117 creatures vanquished

Notes
Turn   | Place    | Note
-------+----------+-------------------------------------------
     0 | D:1      | Melian the Minotaur Berserker began the quest for the Orb.
     0 | D:1      | Reached XP level 1. HP: 19/19 MP: 0/0
   107 | D:1      | Reached XP level 2. HP: 18/27 MP: 1/1
   366 | D:1      | Reached XP level 3. HP: 30/33 MP: 2/2
   448 | D:1      | Reached ** piety under Trog
   557 | D:1      | Found a faded altar of an unknown god.
   814 | D:2      | Reached XP level 4. HP: 41/41 MP: 3/3
   853 | D:2      | Identified the ring of Abbups {rF- MP+9 Str+8}
  1577 | D:3      | Reached skill level 5 in Fighting
  1668 | D:3      | Reached skill level 5 in Axes
  1764 | D:3      | Reached XP level 5. HP: 48/48 MP: 4/4
  1772 | D:3      | Reached *** piety under Trog
  2800 | D:4      | Reached XP level 6. HP: 56/57 MP: 5/5
  2819 | D:4      | Found a broken altar of Ashenzari.
  2875 | D:4      | Identified the +2 pair of gloves "Hon Qoss" {rF+ rC+}
  3053 | D:4      | Identified the +1 ring mail "Xohisog" {Harm}
  3576 | D:5      | Entered Level 5 of the Dungeon
  3788 | D:5      | Noticed Edmund
  3809 | D:5      | Killed Edmund
  3810 | D:5      | Reached XP level 7. HP: 66/66 MP: 6/6
  3948 | D:5      | Found a staircase to the Ecumenical Temple.
  3971 | D:5      | Reached **** piety under Trog
  4404 | D:5      | Found a runed translucent door.
  4405 | D:5      | Noticed Crazy Yiuf
  4414 | D:5      | Killed Crazy Yiuf
  4665 | D:6      | Found a glowing silver altar of Zin.
  4666 | D:6      | Found a radiant altar of Vehumet.
  4779 | D:6      | Noticed Prince Ribbit
  4785 | D:6      | Killed Prince Ribbit
  4786 | D:6      | Reached XP level 8. HP: 77/77 MP: 7/7
  4887 | D:6      | HP: 2/78 [electric eel/bolt of electricity (9)]
  4892 | D:6      | Killed from afar by an electric eel

Illustrated notes

Levels and vault maps discovered:
D:1:      ebering_hopf_link, layout_rooms,
          shapermc_ecumenical_altar_mp_vishouse, chequers_mini_garden,
          minivault_26, kennysheep_another_room, minmay_vboxes
D:2:      layout_basic, minmay_tall_x
D:3:      layout_basic, minmay_fractal_squares_gapless_5
D:4:      layout_loops_cross, mainiacjoe_overflow_boulevard,
          kennysheep_orc_chapel
D:5:      layout_loops_corners, minmay_temple_entry_glassed_door,
          uniq_crazy_yiuf_cottage, uniq_edmund
D:6:      layout_basic, mainiacjoe_overflow_divided_tiny,
          minmay_stone_trees_medium, small_statue_intersection,
          serial_bayou_pond_b, uniq_prince_ribbit1

Skill      XL: |  1  2  3  4  5  6  7  8 |
---------------+-------------------------+-----
Fighting       | 4 5 6 7 8 9 |  9.2
Axes           | 4 5 6 7 8 9 |  9.1
Armour         | |  2.6
Dodging        | |  2.4

Action                   |  1- 3 |  4- 6 |  7- 9 || total
-------------------------+-------+-------+-------++-------
Melee: Hand axe          |    80 |   150 |    70 ||   300
       Headbutt          |     8 |    24 |    18 ||    50
       Punch             |       |     1 |     1 ||     2
Invok: Berserk           |     3 |     1 |     1 ||     5
  Use: Scroll            |       |     6 |     2 ||     8
       Potion            |       |       |     2 ||     2
Armor: Animal skin       |    12 |       |       ||    12
       Chain mail        |    29 |    47 |    32 ||   108
Dodge: Dodged            |    61 |    59 |    29 ||   149

Table legend: (Time is in decaauts)
 A = Elapsed time spent in this place.
 B = Non-inter-level travel time spent in this place.
 C = Inter-level travel time spent in this place.
 D = Time resting spent in this place.
 E = Time spent auto-exploring this place.
 F = Levels seen in this place.
 G = Mean time per level.
                   A        B        C        D        E       F      G
               +--------+--------+--------+--------+--------+-----+--------+
         Total |   4926 |   4811 |    115 |      0 |   3717 |   6 |  821.0 |
       Dungeon |   4926 |   4811 |    115 |      0 |   3717 |   6 |  821.0 |
               +--------+--------+--------+--------+--------+-----+--------+

Top non-repeatable levels by time:
     D:3: 1247 daAuts
     D:5: 1041 daAuts
     D:2: 887 daAuts
     D:4: 817 daAuts
     D:1: 653 daAuts
     D:6: 280 daAuts
